 Dungeon Crawl Stone Soup version 0.31-a0-963-ga325b2283a (webtiles) character file.

Game seed: 3644880539138446572

5651 jlumianski the Grappler (level 10, 0/75 (76) HPs)
             Began as a Gnoll Shapeshifter on Oct 25, 2023.
             Slain by Joseph
             ... wielding a +0 quarterstaff
              (13 damage)
             ... on level 9 of the Dungeon on Oct 26, 2023.
             The game lasted 00:42:36 (9929 turns).

jlumianski the Grappler (Gnoll Shapeshifter)        Turns: 9929, Time: 00:42:36

HP:   0/75 (76)     AC: 12    Str: 21    XL:     10   Next: 74%
MP:   18/18         EV:  8    Int: 12    God:
Gold: 537           SH:  0    Dex: 12    Spells: 20/20 levels left

rFire   . .          .
                       - Unarmed
rCold   + . .        L - orb {mayhem}
rNeg    . . .        J - +0 plate armour {rC+}
rPois   .            (helmet currently unavailable)
rElec   .            (cloak currently unavailable)
rCorr   .            (gloves currently unavailable)
SInv    .            (boots currently unavailable)
Will    .....        (no amulet) Stlth
                     e - +6 ring of strength
HPRegen 0.32/turn    x - +4 ring of slaying
MPRegen 0.16/turn

%: mayhem
@: beast-form, lightly drained
A: beast (slay +4), fangs 1, strong nose, distributed training
a: Begin Untransformation


You were on level 9 of the Dungeon.
You were a hulking beast.
You visited 2 branches of the dungeon, and saw 11 of its levels.

You collected 567 gold pieces.
You spent 30 gold pieces at shops.

Inventory:

Hand Weapons
 h - a +2 trident of draining
 p - a +4 orcbow
 D - a +2 sling of flaming
Missiles
 z - 34 poisoned darts (quivered)
 E - 3 boomerangs
 N - a curare-tipped dart
Armour
 J - a +0 plate armour of cold resistance (worn)
 L - an orb of mayhem (worn)
Jewellery
 e - a +6 ring of strength (left hand)
 x - a +4 ring of slaying (right hand)
 I - the amulet "Jiuh" {Faith +Inv Will++}
   (You found it on level 5 of the Dungeon)

   [amulet of faith]

   Faith:     It allows you to gain divine favour quickly.
   Will++:    It greatly increases your willpower.
   +Inv:      It lets you turn invisible.
Talismans
 c - a beast talisman (active)
 d - a flux talisman
 w - the dragon-blood talisman "Xiuciwio" {rElec}
   (You found it on level 4 of the Dungeon)

   [dragon-blood talisman]

   rElec:     It insulates you from electricity.
Wands
 s - a wand of acid (21)
 G - a wand of charming (8)
Scrolls
 a - a scroll of teleportation
 l - 3 scrolls of poison
 r - 2 scrolls of revelation
 C - a scroll of torment {unknown}
 H - a scroll of enchant weapon {unknown}
 K - a scroll of vulnerability {unknown}
 M - a scroll of blinking
 R - a scroll of fog {unknown}
 S - a scroll of butterflies {unknown}
Potions
 b - 3 potions of lignification
 g - 2 potions of magic
 i - 3 potions of curing
 m - a potion of haste
 u - 2 potions of resistance
 P - a potion of attraction
 T - a potion of berserk rage
 U - a potion of might
 V - a potion of enlightenment {unknown}


   Skills:
 + Level 6.3 Fighting
 + Level 5.6 Short Blades
 + Level 5.6 Long Blades
 + Level 5.6 Axes
 + Level 5.6 Maces & Flails
 + Level 5.6 Polearms
 + Level 5.6 Staves
 + Level 5.6 Ranged Weapons
 + Level 5.6 Throwing
 + Level 5.6 Armour
 + Level 7.4 Dodging
 + Level 5.6 Stealth
 + Level 5.6 Shields
 + Level 8.8 Unarmed Combat
 + Level 5.6 Spellcasting
 + Level 4.7 Conjurations
 + Level 4.7 Hexes
 + Level 4.7 Summonings
 + Level 4.7 Necromancy
 + Level 4.7 Translocations
 + Level 4.7 Transmutations
 + Level 4.7 Fire Magic
 + Level 4.7 Ice Magic
 + Level 4.7 Air Magic
 + Level 4.7 Earth Magic
 + Level 4.7 Poison Magic
 + Level 6.2 Invocations
 + Level 5.6 Evocations
 + Level 8.4 Shapeshifting


You had 20 spell levels left.
You didn't know any spells.
Your spell library contained the following spells:

 Spells                   Type           Power      Damage    Failure   Level
 Cigotuvi's Dreadful Rot  Necr/Pois/Air  28%        N/A       65%         2
 Ignite Poison            Fire/Tmut/Pois 14%        N/A       86%         3
 Freezing Cloud           Conj/Ice/Air   7%         6-21      100%        5
 Haunt                    Necr/Summ      7%         N/A       100%        7
 Borgnjor's Revivificati  Necr           7%         N/A       100%        8
 Death's Door             Necr           7%         N/A       100%        9


Dungeon Overview and Level Annotations

Branches:
Dungeon (10/15)            Temple (1/1) D:6            Lair (0/5) D:9
    Orc: D:9-12

Altars:
Ashenzari
Cheibriados
Dithmenos
Elyvilon
Fedhas
Gozag
Kikubaaqudgha
Makhleb
Nemelex Xobeh
Okawaru
Ru
Sif Muna
Trog
Uskayaw
Vehumet
Xom
Zin
The Shining One

Shops:
D:4 [   D:5 *(

Annotations:
D:9 Joseph, Maurice


Innate Abilities, Weirdness & Mutations

You are a hulking beast.
Your limbs bulge with bestial killing power. (Slay +4)
You have very sharp teeth.
Your uncanny sense of smell can sniff out nearby items.
Your experience applies equally to all skills.


Message History

A boomerang appears from out of thin air!
The boomerang hits you but does no damage.
You feel sick.
The centaur shoots an arrow.
The arrow hits you.
Joseph shoots a sling bullet.
The sling bullet hits you.
You feel drained.
The centaur shoots an arrow.
The arrow hits you!
You feel sick.
You are no longer poisoned.
The centaur unwields a +0 orcbow.
The centaur barely misses you. x2
You pummel the centaur!!
The centaur is almost dead.
Joseph zaps a wand.
The bolt of acid misses you.
The centaur hits you but does no damage.
The centaur kicks you.
You punch the centaur!
You kill the centaur!
Joseph flies into a frenzy!
Joseph unwields a +0 sling of draining.
Joseph wields a +0 quarterstaff.
Joseph closely misses you.
Joseph hits you with a +0 quarterstaff!!
Joseph hits you but does no damage.
You see here a +0 orcbow.
You hit Joseph.
Joseph is lightly wounded.
Joseph closely misses you.
You punch Joseph!
Joseph is moderately wounded.
Joseph barely misses you.
You punch Joseph!
Joseph is moderately wounded.
Joseph hits you but does no damage. x2
You hit Joseph but do no damage.
Joseph is moderately wounded.
Joseph hits you but does no damage.
You punch Joseph! You bite Joseph.
Joseph is heavily wounded.
Joseph hits you with a +0 quarterstaff!!
* * * LOW HITPOINT WARNING * * *
You punch Joseph!
Joseph is severely wounded.
Joseph hits you with a +0 quarterstaff!
You die...

# ........# ## ######
........# ##.###.....
........# #....#.....
........# #....'.....
........#########'#.....
.....................###
.....................#
...>...h......{......+
.......@.............#
####.................#
#...........ยง.....#
#.............?...###
#....#########.......
#######
#....#.......#.......
#.....#
##+###.......#.......
#.....#
#............#.......


You could see the neutral Joseph (fast, strong, frenzied).

Vanquished Creatures
  A two-headed ogre (D:7)
  Jeremiah (Temple)
  A kobold demonologist (D:6)
  Grinder (D:9)
  A wyvern (D:7)
  Duvessa (D:5)
  5 water moccasins
  2 ice beasts
  2 orc warriors (D:8)
  3 ogres
  4 centaurs
  Blork the orc (D:6)
  2 kobold brigands
  2 bullfrogs
  2 scorpions
  4 wights (D:7)
  Dowan (D:5)
  12 killer bees
  3 howler monkeys
  2 electric eels (D:7)
  4 hounds
  A jelly (D:8)
  4 orc priests
  2 sleepcaps
  2 gnoll boudas
  7 iguanas
  Ijyb (D:5)
  8 orc wizards
  8 gnolls
  6 adders
  4 ufetubi
  2 worms
  4 dart slugs
  20 orcs
  7 ball pythons
  6 bats
  8 endoplasms
  3 giant cockroaches (D:2)
  7 goblins
  8 hobgoblins
  8 jackals (D:4)
  4 quokkas
  4 frilled lizards
  20 kobolds
  2 rats
201 creatures vanquished.

Vanquished Creatures (collateral kills)
  A wight (D:7)
  A killer bee (D:8)
2 creatures vanquished.

Vanquished Creatures (others)
  An arcanist (D:4)
  An orc (D:9)
2 creatures vanquished.

Grand Total: 205 creatures vanquished

Notes
Turn   | Place    | Note
-------+----------+-------------------------------------------
     0 | D:1      | jlumianski the Gnoll Shapeshifter began the quest for the
                  | Orb.
     0 | D:1      | Reached XP level 1. HP: 17/17 MP: 1/1
    67 | D:1      | Found a faded altar of an unknown god.
   196 | D:1      | Reached XP level 2. HP: 21/23 MP: 2/2
   745 | D:1      | Reached XP level 3. HP: 28/28 MP: 3/3
   912 | D:1      | Reached skill level 1 in Short Blades
   912 | D:1      | Reached skill level 1 in Long Blades
   912 | D:1      | Reached skill level 1 in Axes
   912 | D:1      | Reached skill level 1 in Maces & Flails
   912 | D:1      | Reached skill level 1 in Polearms
   912 | D:1      | Reached skill level 1 in Staves
   912 | D:1      | Reached skill level 1 in Ranged Weapons
   912 | D:1      | Reached skill level 1 in Throwing
   912 | D:1      | Reached skill level 1 in Armour
   912 | D:1      | Reached skill level 1 in Stealth
   912 | D:1      | Reached skill level 1 in Shields
   912 | D:1      | Reached skill level 1 in Spellcasting
   912 | D:1      | Reached skill level 1 in Invocations
   912 | D:1      | Reached skill level 1 in Evocations
   912 | D:1      | Reached XP level 4. HP: 33/34 MP: 5/5
  1267 | D:2      | Reached skill level 1 in Conjurations
  1267 | D:2      | Reached skill level 1 in Hexes
  1267 | D:2      | Reached skill level 1 in Summonings
  1267 | D:2      | Reached skill level 1 in Necromancy
  1267 | D:2      | Reached skill level 1 in Translocations
  1267 | D:2      | Reached skill level 1 in Transmutations
  1267 | D:2      | Reached skill level 1 in Fire Magic
  1267 | D:2      | Reached skill level 1 in Ice Magic
  1267 | D:2      | Reached skill level 1 in Air Magic
  1267 | D:2      | Reached skill level 1 in Earth Magic
  1267 | D:2      | Reached skill level 1 in Poison Magic
  2183 | D:3      | Found a hide-covered altar of Uskayaw.
  2233 | D:3      | Reached XP level 5. HP: 40/40 MP: 6/6
  2364 | D:3      | Found an opulent altar of Gozag.
  2444 | D:4      | Found Muqoafau's Armour Boutique.
  2516 | D:4      | Identified the dragon-blood talisman "Xiuciwio" {rElec}
  2745 | D:5      | Entered Level 5 of the Dungeon
  2756 | D:4      | Noticed an ogre
  2763 | D:4      | Killed an ogre
  2773 | D:4      | Noticed an ice beast
  2797 | D:4      | Killed an ice beast
  2798 | D:4      | Reached skill level 5 in Dodging
  2798 | D:4      | Reached XP level 6. HP: 35/47 MP: 7/9
  2884 | D:4      | Found a bloodstained altar of Trog.
  2976 | D:4      | Noticed an arcanist
  2981 | D:4      | Killed an arcanist
  3036 | D:4      | Found an ancient bone altar of Kikubaaqudgha.
  3055 | D:4      | Reached XP level 7. HP: 52/52 MP: 10/10
  3613 | D:5      | Noticed Ijyb
  3620 | D:5      | Killed Ijyb
  3866 | D:5      | Identified the amulet "Jiuh" {Faith +Inv Will++}
  4087 | D:5      | Found Fyeghos's CLEARANCE SALE!.
  4094 | D:5      | Reached XP level 8. HP: 52/60 MP: 12/12
  4102 | D:5      | Bought a scroll of amnesia for 20 gold pieces
  4102 | D:5      | Bought a scroll of identify for 10 gold pieces
  4178 | D:5      | Noticed Duvessa
  4178 | D:5      | Noticed Dowan
  4241 | D:5      | Killed Dowan
  4251 | D:5      | Killed Duvessa
  4653 | D:5      | Found Lounodgh's Weapon Shoppe.
  5036 | D:7      | Noticed a wyvern
  5041 | D:7      | Killed a wyvern
  5278 | D:6      | Found an iron altar of Okawaru.
  5392 | D:6      | Found a staircase to the Ecumenical Temple.
  5449 | Temple   | Entered the Ecumenical Temple
  5503 | D:6      | Noticed Jeremiah
  5504 | D:6      | Noticed Grinder
  5506 | D:6      | Reached XP level 9. HP: 38/66 MP: 14/14
  5662 | Temple   | Killed Jeremiah
  5811 | D:6      | Noticed Blork the orc
  5827 | D:6      | Killed Blork the orc
  5828 | D:6      | Reached skill level 5 in Fighting
  6406 | D:7      | Noticed a kobold demonologist
  6496 | D:6      | Reached skill level 5 in Invocations
  6678 | D:6      | Killed a kobold demonologist
  6691 | D:7      | Noticed a two-headed ogre
  6701 | D:7      | Killed a two-headed ogre
  6702 | D:7      | Reached skill level 5 in Short Blades
  6702 | D:7      | Reached skill level 5 in Long Blades
  6702 | D:7      | Reached skill level 5 in Axes
  6702 | D:7      | Reached skill level 5 in Maces & Flails
  6702 | D:7      | Reached skill level 5 in Polearms
  6702 | D:7      | Reached skill level 5 in Staves
  6702 | D:7      | Reached skill level 5 in Ranged Weapons
  6702 | D:7      | Reached skill level 5 in Throwing
  6702 | D:7      | Reached skill level 5 in Armour
  6702 | D:7      | Reached skill level 5 in Stealth
  6702 | D:7      | Reached skill level 5 in Shields
  6702 | D:7      | Reached skill level 5 in Spellcasting
  6702 | D:7      | Reached skill level 5 in Evocations
  6702 | D:7      | Reached XP level 10. HP: 68/76 MP: 17/17
  7060 | D:7      | Found a shadowy altar of Dithmenos.
  7991 | D:8      | Found a sparkling altar of Nemelex Xobeh.
  9260 | D:9      | Found a staircase to the Lair.
  9269 | D:9      | Paralysed by Grinder for 2 turns
  9275 | D:9      | Paralysed by Grinder for 5 turns
  9286 | D:9      | Killed Grinder
  9679 | D:10     | Entered Level 10 of the Dungeon
  9909 | D:9      | Noticed Maurice
  9914 | D:9      | Something stole 5 boomerangs
  9916 | D:9      | Noticed Joseph
  9929 | D:9      | Slain by Joseph

Illustrated notes

Levels and vault maps discovered:
D:1:      lemuel_arrival_funnel, layout_loops_ring,
          ebering_ecumenical_altar_box, st_stairs_12, minmay_stone_trees_large,
          hangedman_glass_teeth, minmay_quantized
D:2:      layout_basic, guppyfry_early_lair_pool
D:3:      layout_rooms, nicolae_gozag_cash_rules_everything_around_me,
          yredelemnul_forgotten_temple_becter, eat_drink_and_be_merry_uskayaw
D:4:      layout_basic, trog_wizard, mainiacjoe_overflow_alcove_1, serial_shops,
          nicolae_shop_hallway_stairs
D:5:      layout_loops_corners, serial_shops, shop, nicolae_shop_clearance,
          uniq_ijyb, uniq_duvessa
D:6:      layout_loops_ring, mainiacjoe_overflow_24_doors,
          minmay_temple_entry_antechambers, uniq_blork_the_orc, uniq_grinder,
          uniq_jeremiah
D:7:      wad_lake_hut, layout_loops_cross,
          nicolae_dithmenos_through_a_glass_darkly, dk_noncrumbling_3,
          minmay_chambers_of_fives
D:8:      layout_basic, mainiacjoe_overflow_boulevard
D:9:      layout_gridville, grunt_temple_overflow_open, lair_entry_dummy,
          minmay_misc_feat_tower, uniq_joseph, uniq_maurice, uniq_gastronok
D:10:     lemuel_flame_loot_2, layout_basic, serial_shops,
          nicolae_shop_gibbet_a_chance, shop, kennysheep_little_box,
          nicolae_shop_window_shopping, uniq_fannar, uniq_nergalle
Temple:   jpeg_temple_clearing

Skill      XL: |  1  2  3  4  5  6  7  8  9 10 |
---------------+-------------------------------+-----
Short Blades   | 1 2 3 5 |  5.6
Long Blades    | 1 2 3 5 |  5.6
Axes           | 1 2 3 5 |  5.6
Maces & Flails | 1 2 3 5 |  5.6
Polearms       | 1 2 3 5 |  5.6
Staves         | 1 2 3 5 |  5.6
Ranged Weapons | 1 2 3 5 |  5.6
Throwing       | 1 2 3 5 |  5.6
Armour         | 1 2 3 5 |  5.6
Stealth        | 1 2 3 5 |  5.6
Shields        | 1 2 3 5 |  5.6
Spellcasting   | 1 2 3 5 |  5.6
Invocations    | 1 2 3 4 5 6 |  6.2
Evocations     | 1 2 3 5 |  5.6
Conjurations   | 1 2 3 4 |  4.7
Hexes          | 1 2 3 4 |  4.7
Summonings     | 1 2 3 4 |  4.7
Necromancy     | 1 2 3 4 |  4.7
Translocations | 1 2 3 4 |  4.7
Transmutations | 1 2 3 4 |  4.7
Fire Magic     | 1 2 3 4 |  4.7
Ice Magic      | 1 2 3 4 |  4.7
Air Magic      | 1 2 3 4 |  4.7
Earth Magic    | 1 2 3 4 |  4.7
Poison Magic   | 1 2 3 4 |  4.7
Fighting       | 3 4 5 6 |  6.3
Dodging        | 5 6 7 |  7.4
Unarmed Combat | 7 8 |  8.8
Shapeshifting  | 7 8 |  8.4

Action                     |  1- 3 |  4- 6 |  7- 9 | 10-12 || total
---------------------------+-------+-------+-------+-------++-------
  Melee: Unarmed           |    47 |   112 |   195 |   161 ||   515
         Bite              |     2 |     8 |    26 |    15 ||    51
         Punch             |     1 |     3 |     6 |       ||    10
  Throw: Dart              |       |     5 |     8 |     3 ||    16
  Evoke: Wand              |       |       |     4 |       ||     4
    Use: Scroll            |     3 |     2 |     6 |     3 ||    14
         Potion            |     1 |     1 |     1 |     6 ||     9
 Armour: Animal skin       |     7 |       |       |       ||     7
         Scale mail        |    23 |     9 |       |       ||    32
         Chain mail        |       |    51 |    56 |       ||   107
         Plate armour      |       |       |   101 |   223 ||   324
         Skin              |       |       |       |     6 ||     6
  Dodge: Dodged            |    28 |    49 |    80 |   116 ||   273
   Form: Dragon            |       |       |       |     1 ||     1
         Beast             |       |       |       |     1 ||     1

Table legend: (Time is in decaauts)
 A = Elapsed time spent in this place.
 B = Non-inter-level travel time spent in this place.
 C = Inter-level travel time spent in this place.
 D = Time resting spent in this place.
 E = Time spent auto-exploring this place.
 F = Levels seen in this place.
 G = Mean time per level.
                   A        B        C        D        E       F      G
               +--------+--------+--------+--------+--------+-----+--------+
         Total |   9936 |   9723 |    213 |   1650 |   5243 |  11 |  903.3 |
       Dungeon |   9662 |   9449 |    213 |   1436 |   5243 |  10 |  966.2 |
        Temple |    273 |    273 |      0 |    214 |      0 |   1 |  273.0 |
               +--------+--------+--------+--------+--------+-----+--------+

Top non-repeatable levels by time:
     D:7: 1701 daAuts
     D:6: 1540 daAuts
     D:5: 1160 daAuts
     D:2: 1000 daAuts
     D:8: 982 daAuts
     D:1: 954 daAuts
     D:4: 949 daAuts
     D:9: 833 daAuts
     D:3: 536 daAuts
  Temple: 273 daAuts
    D:10: 3 daAuts
